 Dungeon Crawl Stone Soup version 0.26-a0-597-gb535b0901c (webtiles) character file.

Game seed: 6492258584692915296

642 kae the Cudgeler (level 7, 0/62 HPs)
             Began as a Minotaur Abyssal Knight on Aug 27, 2020.
             Was a Believer of Lugonu.
             Killed from afar by a white imp (14 damage)
             ... with a puff of frost
             ... on level 5 of the Dungeon.
             The game lasted 00:01:40 (5418 turns).

kae the Cudgeler (Minotaur Abyssal Knight)          Turns: 5418, Time: 00:01:40

Health: 0/62       AC:  3    Str: 17 (18) XL:     7   Next: 26%
Magic:  9/9        EV: 11    Int:  8 (9)  God:    Lugonu [**....]
Gold:   158        SH:  0    Dex:  9 (10) Spells: 6/6 levels left

rFire    . . .     SeeInvis .   a - +1 mace
rCold    . . .     Faith    .   (no shield)
rNeg     . . .     Spirit   .   b - +0 leather armour
rPois    .         Reflect  .   (helmet restricted)
rElec    .         Harm     .   (no cloak)
rCorr    .                      (no gloves)
MR       .....                  (no boots)
Stlth    +.........             (no amulet)
HPRegen  0.20/turn              (no ring)
MPRegen  0.11/turn              (no ring)

@: studying Fire Magic
A: retaliatory headbutt, horns 2
a: Depart the Abyss, Bend Space, Renounce Religion


You were on level 5 of the Dungeon.
You worshipped Lugonu.
Lugonu was pleased with you.
You visited 1 branch of the dungeon, and saw 5 of its levels.
You visited the Abyss 1 time.

You collected 158 gold pieces.

Inventory:

Hand Weapons
 a - a +1 mace (weapon)
Armour
 b - a +0 leather armour (worn)
Jewellery
 i - an uncursed ring of wizardry {unknown}
 u - a cursed -4 ring of dexterity {unknown}
 y - an uncursed ring of see invisible {unknown}
Wands
 l - a wand of paralysis (9)
Scrolls
 c - a scroll of noise {unknown}
 e - 6 scrolls of identify {unknown}
 f - 4 scrolls of teleportation {unknown}
 g - a scroll of immolation {unknown}
 j - 2 scrolls of enchant weapon {unknown}
 k - a scroll of random uselessness {unknown}
 m - a scroll of amnesia {unknown}
 p - 4 scrolls of remove curse {unknown}
 q - a scroll of fog {unknown}
 r - 2 scrolls of enchant armour {unknown}
 s - a scroll of blinking {unknown}
 v - 2 scrolls of magic mapping {unknown}
Potions
 h - 2 potions of degeneration
 n - a potion of ambrosia {unknown}
 o - a potion of berserk rage {unknown}
 t - a potion of brilliance {unknown}
 w - a potion of might {unknown}
 x - 2 potions of invisibility {unknown}
Books
 d - a manual of Fire Magic


   Skills:
 + Level 5.9 Fighting
 * Level 7.2 Maces & Flails
 - Level 2.4 Armour
 - Level 1.1 Dodging
 + Level 4.2 Invocations


You had 6 spell levels left.
You didn't know any spells.
Your spell library contained the following spells:

 Spells                   Type           Power        Failure   Level
 Summon Small Mammal      Summ           #...         45%         1
 Call Imp                 Summ           #.......     61%         2
 Call Canine Familiar     Summ           #.......     83%         3
 Summon Guardian Golem    Hex/Summ       #.......     83%         3
 Summon Ice Beast         Ice/Summ       #.......     99%         4
 Summon Lightning Spire   Summ/Air       #.......     99%         4


Dungeon Overview and Level Annotations

Branches:
Dungeon (5/15)
 Temple: D:4-7

Altars:
Elyvilon
Uskayaw
Vehumet


Innate Abilities, Weirdness & Mutations

You reflexively headbutt those who attack you in melee.
You have a pair of horns on your head.


Message History

There are monsters nearby!
You are too injured to fight recklessly!
You are too injured to fight recklessly!
You are too injured to fight recklessly!
You are too injured to fight recklessly!
You are too injured to fight recklessly!
You are too injured to fight recklessly!
You closely miss the iguana.
The iguana is severely wounded.
The adder skeleton closely misses you. The iguana bites you!
You hit the iguana.
The iguana is severely wounded.
The adder skeleton bites you. The iguana barely misses you.
You closely miss the iguana.
The iguana is severely wounded.
The adder skeleton barely misses you. The iguana bites you!
* * * LOW HITPOINT WARNING * * *
The white imp gestures at you. The puff of frost hits you!
You die...

≈≈≈≈≈P# .≈.....
. ≈.≈≈♣..#####
..
.P♣.....#..#...
...............
............#
.....5lZ....#
.......@#...###
........#......
..........#
..........#
.........<#
............#
..?...#........
.......###...###
......# ..##


You could see an iguana, a white imp and an adder skeleton.

Vanquished Creatures
  A hippogriff (D:4)
  An ogre (D:4)
  A scorpion (D:4)
  Jessica (D:2)
  An iguana (D:4)
  Terence (D:2)
  2 worker ants (D:4)
  7 gnolls
  6 adders
  3 oozes
  3 worms
  2 dart slugs (D:1)
  2 leopard geckos
  3 orcs
  7 bats
  6 giant cockroaches
  3 goblins
  6 hobgoblins
  3 jackals (D:1)
  7 kobolds
  A quokka (D:4)
  5 ball pythons
  A frilled lizard (D:4)
  A leopard gecko skeleton (D:5)
  A quokka skeleton (D:4)
  5 rats
80 creatures vanquished.

Vanquished Creatures (others)
  A giant cockroach (D:2)
1 creature vanquished.

Grand Total: 81 creatures vanquished

Notes
Turn   | Place    | Note
-------+----------+-------------------------------------------
     0 | Abyss:1  | kae the Minotaur Abyssal Knight began the quest for the
                  | Orb.
     0 | Abyss:1  | Reached XP level 1. HP: 19/19 MP: 1/1
    52 | Abyss:1  | Noticed an ancient zyme
    57 | D:1      | Escaped the Abyss
   483 | D:1      | Reached skill level 3 in Maces & Flails
   483 | D:1      | Reached XP level 2. HP: 12/27 MP: 2/2
   733 | D:1      | Reached * piety under Lugonu
  1263 | D:1      | Reached XP level 3. HP: 33/33 MP: 3/3
  1392 | D:2      | Noticed Terence
  1400 | D:2      | Killed Terence
  1400 | D:2      | Reached skill level 4 in Maces & Flails
  1631 | D:2      | Reached XP level 4. HP: 32/40 MP: 4/4
  1723 | D:2      | Noticed Jessica
  1729 | D:2      | Killed Jessica
  2117 | D:2      | Found a hide-covered altar of Uskayaw.
  2218 | D:2      | Reached ** piety under Lugonu
  2244 | D:2      | Found a radiant altar of Vehumet.
  2658 | D:3      | Reached XP level 5. HP: 44/47 MP: 6/6
  3006 | D:3      | Reached skill level 5 in Maces & Flails
  3534 | D:4      | Noticed a hippogriff
  3538 | D:4      | Killed a hippogriff
  3538 | D:4      | Reached skill level 5 in Fighting
  3538 | D:4      | Reached skill level 6 in Maces & Flails
  3538 | D:4      | Reached XP level 6. HP: 29/56 MP: 7/7
  4183 | D:4      | Found a white marble altar of Elyvilon.
  4203 | D:4      | Reached XP level 7. HP: 6/62 MP: 7/9
  4629 | D:4      | Reached skill level 7 in Maces & Flails
  5407 | D:5      | Entered Level 5 of the Dungeon
  5418 | D:5      | Killed from afar by a white imp

Illustrated notes

Levels and vault maps discovered:
D:1:      psy_arrival_conway, layout_basic
D:2:      layout_basic, eat_drink_and_be_merry_uskayaw, fiery_altar_vehumet,
          uniq_terence, uniq_jessica
D:3:      layout_basic
D:4:      layout_gridville, elyvilon_altar_4, minivault_25,
          small_statue_intersection, minmay_manual_mail
D:5:      layout_cave_pools, minmay_temple_entry_hall, serial_shops, shop,
          minmay_tree_intersection, serial_bayou_pond_b

Skill      XL: |  1  2  3  4  5  6  7 |
---------------+----------------------+-----
Invocations    | 2 3 4 |  4.2
Maces & Flails | 3 4 6 7 |  7.2
Fighting       | 4 5 |  5.9
Armour         | |  2.4
Dodging        | |  1.1

Action                   |  1- 3 |  4- 6 |  7- 9 || total
-------------------------+-------+-------+-------++-------
Melee: Mace              |    48 |   117 |    32 ||   197
       Headbutt          |     8 |    17 |     7 ||    32
Invok: Depart the Abyss  |     1 |       |       ||     1
  Use: Potion            |       |     5 |       ||     5
 Stab: Sleeping          |       |     1 |       ||     1
Armor: Leather armour    |    12 |    24 |     3 ||    39
Dodge: Dodged            |    37 |    66 |    23 ||   126

Table legend: (Time is in decaauts)
 A = Elapsed time spent in this place.
 B = Non-inter-level travel time spent in this place.
 C = Inter-level travel time spent in this place.
 D = Time resting spent in this place.
 E = Time spent auto-exploring this place.
 F = Levels seen in this place.
 G = Mean time per level.
                   A        B        C        D        E       F      G
               +--------+--------+--------+--------+--------+-----+--------+
         Total |   5450 |   5296 |    154 |   1222 |   3579 |   6 |  908.3 |
       Dungeon |   5393 |   5239 |    154 |   1222 |   3528 |   5 | 1078.6 |
         Abyss |     57 |     57 |      0 |      0 |     51 |   1 |   57.0 |
               +--------+--------+--------+--------+--------+-----+--------+

Top non-repeatable levels by time:
     D:4: 1612 daAuts
     D:1: 1273 daAuts
     D:2: 1263 daAuts
     D:3: 1233 daAuts
 Abyss:1: 57 daAuts
     D:5: 11 daAuts
